Unix NetHack Version 3.7.0-64 Work-in-progress - last build Sep 20 2022 23:52:18 (2efdc47de06bbc12dbc956ebf73d51181633095d,branch:master). Game began 2022-09-22 16:11:43, ended 2022-09-22 16:22:09. adinthrae, lawful female human Valkyrie ---- --- |..| |..---....... --..| |............. --.--- |.........>.... |..-- --................-- |...| |.. |........%%......... ---@----... |.......%--........## |.Z....... --......-.||.........# ----....------.........|---..)..... --)..<...........---- --.---... ----------------- --- -- Adinthrae the Skirmisher St:16 Dx:12 Co:18 In:11 Wi:11 Ch:8 Lawful S:588 Dlvl:4 $:22 HP:0(49) Pw:7(7) AC:5 Xp:4/104 T:1289 Latest messages: You miss the gnome. The gnome misses! You kill the gnome! You hear crashing rock. You are hit by a dagger. The gnome wields an aklys! The aklys welds itself to the gnome's hand! The gnome throws a dagger! You are hit by a dagger. The gnome wields 2 daggers! The daggers weld themselves to the gnome's hand! You kill the gnome! s - a scroll labeled JUYED AWK YACC. The gnome throws a dagger! You are hit by a dagger. You hit the gnome! You miss the gnome. The gnome swings her aklys. The gnome hits! You miss the gnome. The gnome swings her aklys. The gnome hits! You kill the gnome! The gnome lord picks up a dagger. The gnome lord wields a dagger! The dagger welds itself to the gnome lord's hand! The gnome lord picks up 2 cursed daggers. The gnome lord picks up a boomerang. You hear crashing rock. You stop searching. You miss the coyote. The coyote bites! You miss the coyote. The coyote bites! You miss the coyote. The coyote bites! You miss the coyote. The coyote misses! You hit the coyote! The coyote bites! You kill the coyote! You miss the orc zombie. The orc zombie misses! You miss the orc zombie. The orc zombie hits! You miss the orc zombie. You miss the orc zombie. The orc zombie hits! You die... Do you want your possessions identified? [ynq] (y) Inventory: Coins $ - 22 gold pieces Weapons l - 8 +0 crossbow bolts (in quiver pouch) q - 8 cursed -1 darts b - a +0 dagger (alternate weapon; not wielded) a - a +1 spear (weapon in hand) Armor i - an uncursed +0 orcish helm (being worn) c - an uncursed +3 small shield (being worn) Comestibles g - an uncursed apple j - an uncursed cream pie d - an uncursed food ration r - an uncursed partly eaten food ration n - an uncursed tripe ration m - an uncursed lichen corpse Scrolls s - a cursed scroll of identify f - an uncursed scroll of remove curse Spellbooks o - an uncursed spellbook of extra healing Potions k - an uncursed potion of extra healing h - an uncursed potion of hallucination p - an uncursed potion of speed Tools e - an uncursed oil lamp (lit) Adinthrae the Valkyrie's attributes: Background: You were a Skirmisher, a level 4 human Valkyrie. You were lawful, nominally on a mission for Tyr who was opposed by Odin (neutral) and Loki (chaotic). You were in the Gnomish Mines, on level 4. You entered the dungeon 1289 turns ago. You had 104 experience points, 56 more were needed to attain level 5. Your score was 588 before end-of-game adjustments. Basics: You had 0 out of 49 hit points. You had all 7 energy points (spell power). Your armor class was 5. Your wallet contained 22 zorkmids. Autopickup was off. Final Characteristics: Your strength was 16 (limit:18/100). Your dexterity was 12 (limit:18). Your constitution was 18 (limit:18). Your intelligence was 11 (limit:18). Your wisdom was 11 (limit:18). Your charisma was 8 (limit:18). Final Status: You were not hungry. You were unencumbered. You were wielding a spear. You had basic skill with spear. Final Attributes: You were devoutly aligned. You were cold resistant. You were stealthy. You are dead. Miscellaneous: You never encountered a bones level. Total elapsed playing time was 10 minutes and 25 seconds. Major events: Turn 1: adinthrae the lawful human Valkyrie entered the dungeon 832: attained the rank of Skirmisher (level 3) 1089: entered the Gnomish Mines 1289: killed by an orc zombie Vanquished creatures: a kitten an acid blob 2 coyotes a gas spore 8 gnomes a jackal a fox 2 goblins 2 sewer rats a grid bug 3 lichens 2 newts 25 creatures vanquished. No species were genocided or became extinct. Voluntary challenges: You were an atheist. You were illiterate. You never engraved Elbereth. You never genocided any monsters. You never polymorphed an object. You never changed form. You used no wishes. Achievements: You attained the rank of Skirmisher. You entered a shop. You entered the Gnomish Mines. The Dungeons of Doom: levels 1 to 4 Level 1: Some fountains. Level 2: Level 3: A general store, a fountain. Stairs down to The Gnomish Mines. Level 4: The Gnomish Mines: Level 4: <- You were here. Final resting place for you, killed by an orc zombie. Game over: ---------- / \ / REST \ / IN \ / PEACE \ / \ | adinthrae | | 22 Au | | killed by an orc | | zombie | | | | | | 2022 | *| * * * | * _________)/\\_//(\/(/\)/\//\/|_)_______ Farvel adinthrae the Valkyrie... You died in The Gnomish Mines on dungeon level 4 with 586 points, and 22 pieces of gold, after 1289 moves. You were level 4 with a maximum of 49 hit points when you died.